 Dungeon Crawl Stone Soup version 0.18.0-1-g0107ab7 (webtiles) character file.

228 Wooh the Skirmisher (level 5, -1/52 HPs)
             Began as a Draconian Fighter on May 5, 2016.
             Slain by an orc
             ... wielding a +0 short sword
              (6 damage)
             ... on level 4 of the Dungeon.
             The game lasted 00:08:32 (3342 turns).

Wooh the Skirmisher (Draconian Fighter)             Turns: 3342, Time: 00:08:33

Health: -1/52      AC:  6    Str: 23    XL:     5   Next: 71%
Magic:  5/5        EV: 10    Int:  8    God:
Gold:   171        SH:  9    Dex: 12    Spells: 0 memorised, 4 levels left

rFire  . . .     SeeInvis .     a - +0 flail
rCold  . . .     Gourm    .     (armour unavailable)
rNeg   . . .     Faith    .     b - +0 shield
rPois  .         Spirit   .     (helmet restricted)
rElec  .         Dismiss  .     (no cloak)
rCorr  .         Reflect  .     (no gloves)
SustAt .         Harm     .     x - +0 pair of boots
MR     .....                    (no amulet)
Stlth  +.........               (no ring)
                                (no ring)

@: mighty, not resistant to hostile enchantments, very unstealthy
A: unfitting armour, cold-blooded, AC +5
a: no special abilities


You were on level 4 of the Dungeon.
You were very hungry.

You visited 1 branch of the dungeon, and saw 4 of its levels.

You collected 171 gold pieces.

Inventory:

Hand Weapons
 a - a +0 flail (weapon)
Missiles
 k - 15 poisoned needles
Armour
 b - a +0 shield (worn)
 x - a +0 pair of boots (worn)
Wands
 v - a wand of polymorph (20/24)
Scrolls
 e - 2 scrolls of teleportation {unknown}
 h - 3 scrolls of blinking {unknown}
 i - 4 scrolls of identify {unknown}
 o - a scroll of enchant weapon {unknown}
 p - a scroll of amnesia {unknown}
 q - a scroll of immolation {unknown}
 r - a scroll of remove curse {unknown}
 u - a scroll of recharging {unknown}
Potions
 c - a potion of might
 f - a potion of heal wounds {unknown}
 g - a potion of lignification {unknown}
 j - a potion of degeneration {unknown}
 l - a potion of agility {unknown}
 s - 2 potions of brilliance {unknown}
Comestibles
 d - 4 bread rations
 m - 3 fruits
 n - 3 meat rations
 w - 2 royal jellies


   Skills:
 + Level 7.1 Fighting
 - Level 2.0 Maces & Flails
 - Level 2.6 Dodging
 - Level 3.0 Shields


You had 4 spell levels left.
You didn't know any spells.

Dungeon Overview and Level Annotations

Branches:
Dungeon (4/15)
 Temple: D:4-7

Altars:
Ashenzari
Cheibriados
Kikubaaqudgha
Nemelex Xobeh
Xom


Innate Abilities, Weirdness & Mutations

Your plain brown scales are hard (AC +5).
Your body does not fit into most forms of armour.
You are cold-blooded and may be slowed by cold attacks.


Message History

Your Fighting skill increases to level 7!
The orc barely misses you. The orc hits you with a flail.
* * * LOW HITPOINT WARNING * * *
Things that are here:
a dagger; a robe You bludgeon the orc!!
You kill the orc!
You hit the orc.
The orc is heavily wounded.
You closely miss the orc.
The orc is heavily wounded.
The orc completely misses you.
An orc comes into view. It is wielding a hand axe.
The orc moves out of view.
You thump the orc!
You kill the orc!
You closely miss the orc.
You are feeling very hungry.
The orc hits you with a short sword.
You die...

.. #.#...........######
....#.#.#+#............#######
.......................>......
.##.#.#.###.......####..#####
..#.#.#...#.......# #..#
....#.#<#.#.......# #..#
....#.#.#.#.......## #..#
..........#........# #..#
......#####.....@o)###..#
............######..#...#
.........#### ##)#.#.#
.....###.# #.)_..# ....)# #.#
###.#.##### .....# #.#
#......... .....# #+#
#.....#### .....# ##....#
.....# #....#


You could see an orc.

Vanquished Creatures
  2 orc priests
  An orc wizard (D:4)
  5 adders
  2 oozes (D:1)
  An adder skeleton (D:4)
  A worm (D:4)
  5 dart slugs
  A giant gecko (D:1)
  9 orcs
  A ball python (D:1)
  5 bats
  6 giant cockroaches
  4 goblins
  3 hobgoblins
  4 jackals (D:3)
  5 kobolds
  5 giant newts
  A quokka skeleton (D:4)
  5 rats
66 creatures vanquished.

Notes
Turn   | Place    | Note
--------------------------------------------------------------
     0 | D:1      | Wooh the Draconian Fighter began the quest for the Orb.
     0 | D:1      | Reached XP level 1. HP: 19/19 MP: 1/1
   121 | D:1      | Reached XP level 2. HP: 27/27 MP: 2/2
   124 | D:1      | Reached skill level 4 in Fighting
   371 | D:1      | Found a sparkling altar of Nemelex Xobeh.
   560 | D:1      | Reached XP level 3. HP: 19/34 MP: 3/3
  1254 | D:2      | Found a snail-covered altar of Cheibriados.
  1325 | D:2      | Reached skill level 5 in Fighting
  1591 | D:2      | Found a faded altar to an unknown god.
  1715 | D:2      | Reached XP level 4. HP: 41/42 MP: 4/4
  2138 | D:3      | Found an ancient bone altar of Kikubaaqudgha.
  2144 | D:3      | Found a shimmering altar of Xom.
  2216 | D:3      | Reached skill level 6 in Fighting
  2542 | D:3      | Reached XP level 5. HP: 48/50 MP: 5/5
  2928 | D:4      | Noticed an ogre
  3280 | D:4      | Found a shattered altar of Ashenzari.
  3333 | D:4      | Reached skill level 7 in Fighting
  3342 | D:4      | Slain by an orc

Skill      XL: |  1  2  3  4  5 |
---------------+----------------+-----
Fighting       | 4 5 6 7 |  7.1
Maces & Flails | |  2.0
Dodging        | |  2.6
Shields        | |  3.0

Action                   |  1- 3 |  4- 6 || total
-------------------------+-------+-------++-------
Melee: Flail             |   108 |   112 ||   220
       Tailslap          |    14 |    16 ||    30
  Use: Potion            |       |     1 ||     1
 Stab: Sleeping          |       |     1 ||     1
  Eat: Chunk             |     2 |     5 ||     7
Armor: Skin              |    22 |    23 ||    45
Dodge: Dodged            |    41 |    60 ||   101
Block: Shield            |    49 |    52 ||   101
